 Dungeon Crawl Stone Soup version 0.32-a0-898-g7811c86cf0 (webtiles) character file.

Game seed: 1059941400566896164

156 Ajdolov the Magician (level 5, -3/35 HPs)
             Began as a Mummy Alchemist on Apr 4, 2024.
             Slain by Pargi (4 damage)
             ... in a sewer.
             The game lasted 00:05:58 (2714 turns).

Ajdolov the Magician (Mummy Alchemist)              Turns: 2714, Time: 00:05:59

Health: -3/35      AC:  2    Str: 11    XL:     5   Next: 15%
Magic:  12/12      EV: 11    Int: 16    God:
Gold:   103        SH:  0    Dex: 13    Spells: 12/13 levels left

rFire   x . .        j - +0 sling (freeze)
rCold   + . .        (no shield)
rNeg    + + +        a - +0 robe
rPois   ∞            (no helmet)
rElec   .            (no cloak)
rCorr   .            (no gloves)
SInv    .            (no boots)
Will    .....        (no amulet)
Stlth   +            (no ring)
HPRegen 0.25/turn    (no ring)
MPRegen 0.13/turn

%: faith
@: very slow
A: cold resistance 1, negative energy resistance 3, torment resistance 2, heat
vulnerability 1, in touch with death 1, no potions, faith
a: no special abilities


You were in a sewer.
You visited 1 branch of the dungeon, and saw 3 of its levels.
You also visited: Sewer.

You collected 103 gold pieces.

Inventory:

Hand Weapons
 b - a +0 dagger
 j - a +0 sling of freezing (weapon)
Armour
 a - a +0 robe (worn)
Jewellery
 h - a ring of protection from cold
Scrolls
 c - 2 scrolls of identify
 e - a scroll of vulnerability {unknown}
 f - 2 scrolls of revelation
 g - a scroll of enchant weapon {unknown}


   Skills:
 - Level 1.5 Dodging
 - Level 1.5 Stealth
 + Level 4.9 Spellcasting
 - Level 1.2 Conjurations
 + Level 3.7 Alchemy


You had 12 spell levels left.
You knew the following spells:

 Your Spells              Type           Power      Damage    Failure   Level
a - Sting                 Conj/Alch      44%        1d5       5%          1

Your spell library contained the following spells:

 Spells                   Type           Power      Damage    Failure   Level
 Mercury Vapours          Alch/Air       18%        N/A       11%         2
 Mephitic Cloud           Conj/Alch/Air  9%         N/A       24%         3
 Olgreb's Toxic Radiance  Alch           15%        N/A       32%         4
 Sticky Flame             Fire/Alch      9%         2d5       56%         4


Dungeon Overview and Level Annotations

Branches:
Dungeon (3/15)              Sewer (1/1)

Altars:

Annotations:
D:2 1 runed translucent door, exclusions: ball python and kobold, Crazy Yiuf, Sigmund Sewer Pargi


Innate Abilities, Weirdness & Mutations

You are immune to poison.
Your flesh is cold resistant. (rC+)
You are immune to negative energy. (rN+++)
You are immune to unholy pain and torment.
You are vulnerable to heat. (rF-)
You are in touch with the powers of death.
You do not drink.
You have a special connection with the divine. (Faith)


Message History

* * * LOW HITPOINT WARNING * * *
Pargi claws you.
* * * LOW HITPOINT WARNING * * *
Pargi claws you.
* * * LOW HITPOINT WARNING * * *
The frilled lizard barely misses your bat.
Your bat misses the frilled lizard.
Your bat barely misses the frilled lizard.
Pargi barely misses your bat. Pargi closely misses your bat.
Pargi misses your bat.
The frilled lizard closely misses your bat.
Your bat barely misses the frilled lizard.
You swap places.
You enter the shallow water.
Moving in this stuff is going to be slow.
Your bat hits Pargi.
Your bat barely misses the frilled lizard.
Pargi bites your bat!
Your bat dies!
Your bat's corpse dissolves into shadows!
The frilled lizard bites your adder.
Your adder completely misses the frilled lizard.
A frilled lizard comes into view.
Your ball python closely misses Pargi.
Your adder barely misses the frilled lizard.
Pargi looks very sad for a moment.
Your ball python barely misses Pargi.
Your adder barely misses the frilled lizard.
Unknown command.
As you read the scroll labelled APOJEE SIOLU, it crumbles to dust.
You assume a fearsome visage.
The frilled lizard looks frightened!
Pargi looks frightened!
The frilled lizard looks frightened!
It was a scroll of fear.
Your adder bites the frilled lizard.
Pargi moans, "Oh dear!
Oh dear!"
Your ball python barely misses Pargi.
Your adder misses the frilled lizard.
Your ball python bites Pargi.
Your ball python's attack snaps Pargi out of his fear.
Pargi closely misses you. Pargi claws you.
* * * LOW HITPOINT WARNING * * *
Pargi claws you.
You die...

≈≈≈≈≈≈≈#
≈≈≈≈≈≈≈##
.≈≈≈≈≈≈≈#
#~≈≈≈≈≈≈≈
#.~≈≈≈≈≈#
#.~≈≈≈≈##
#~≈≈≈≈≈≈#
###~≈≈≈≈≈≈#
##S@≈≈≈≈≈≈≈#
#.TS≈≈≈≈≈≈≈≈
##∩≈≈l≈≈≈≈≈≈
##†≈≈≈≈≈≈≈≈
##~≈≈≈≈≈≈#
###.≈≈≈≈≈≈≈#
#~l≈≈≈≈≈≈≈≈#
###..≈≈≈≈≈≈≈≈≈
##~~≈≈≈≈≈≈≈≈≈≈#


You could see Pargi (ally target), a frilled lizard (fleeing, ally target), a
friendly adder (summoned) and a friendly ball python (summoned).

Vanquished Creatures
  A brain worm (Sewer)
  3 adders
  2 dart slugs
  4 ribbon worms
  8 ball pythons
  6 endoplasms
  A giant cockroach (D:1)
  3 goblins (D:2)
  5 hobgoblins
  4 quokkas
  9 bats
  4 frilled lizards
  3 kobolds (D:1)
  3 rats (D:1)
56 creatures vanquished.

Notes
Turn   | Place    | Note
-------+----------+-------------------------------------------
     0 | D:1      | Ajdolov the Mummy Alchemist began the quest for the Orb.
     0 | D:1      | Reached XP level 1. HP: 13/13 MP: 4/4
   147 | D:1      | Reached skill level 1 in Conjurations
   201 | D:1      | Reached skill level 3 in Spellcasting
   248 | D:1      | Reached XP level 2. HP: 19/19 MP: 4/6
   892 | D:1      | Reached XP level 3. HP: 24/24 MP: 5/7
  1210 | D:2      | Found a faded altar of an unknown god.
  1311 | D:2      | Noticed Sigmund
  1728 | D:2      | Reached skill level 4 in Spellcasting
  1936 | D:2      | Reached XP level 4. HP: 22/30 MP: 6/10
  2325 | D:2      | Found a runed translucent door.
  2326 | D:2      | Noticed Crazy Yiuf
  2508 | D:3      | Found a glowing drain.
  2626 | Sewer    | Entered a sewer
  2629 | Sewer    | Noticed a brain worm
  2641 | Sewer    | Killed a brain worm
  2642 | Sewer    | Reached XP level 5. HP: 35/35 MP: 6/12
  2694 | Sewer    | Noticed Pargi
  2714 | Sewer    | HP: 1/35 [Pargi (4)]
  2714 | Sewer    | Slain by Pargi

Illustrated notes

Levels and vault maps discovered:
D:1:      psy_arrival_fountain, layout_loops_cross
D:2:      layout_loops_ring, nicolae_ecumenical_oubliette,
          uniq_crazy_yiuf_cottage, uniq_sigmund
D:3:      layout_rooms, gammafunk_ghost_mausoleum,
          cheibrodos_sewer_entry_sluice, minmay_gold_behind_fungi, st_stairs_10
Sewer:    sewer_co_pargi_island

Skill      XL: |  1  2  3 |
---------------+----------+-----
Conjurations   | 1 |  1.2
Spellcasting   | 3 4 |  4.9
Alchemy        | 3 |  3.7
Dodging        | |  1.5
Stealth        | |  1.5

Action                     |  1- 3 |  4- 6 || total
---------------------------+-------+-------++-------
  Melee: Dagger            |    17 |       ||    17
   Fire: Sling             |    17 |     2 ||    19
   Cast: Sting             |    77 |    25 ||   102
    Use: Scroll            |       |     3 ||     3
 Armour: Robe              |    20 |    20 ||    40
  Dodge: Dodged            |    21 |    16 ||    37

Table legend: (Time is in decaauts)
 A = Elapsed time spent in this place.
 B = Non-inter-level travel time spent in this place.
 C = Inter-level travel time spent in this place.
 D = Time resting spent in this place.
 E = Time spent auto-exploring this place.
 F = Levels seen in this place.
 G = Mean time per level.
                   A        B        C        D        E       F      G
               +--------+--------+--------+--------+--------+-----+--------+
         Total |   2736 |   2637 |     99 |     90 |   2030 |   4 |  684.0 |
       Dungeon |   2635 |   2536 |     99 |     90 |   1974 |   3 |  878.3 |
         Sewer |    101 |    101 |      0 |      0 |     56 |   1 |  101.0 |
               +--------+--------+--------+--------+--------+-----+--------+

Top non-repeatable levels by time:
     D:2: 1273 daAuts
     D:1: 1217 daAuts
     D:3: 144 daAuts
   Sewer: 101 daAuts
